 Dungeon Crawl Stone Soup version 0.28.0-47-ge53b351184 (webtiles) character file.

Game seed: 17666401601374206771

15411 Gabide the Thaumaturge (level 12, -3/97 HPs)
             Began as a Mummy Necromancer on May 1, 2022.
             Was an Initiate of Gozag.
             Shot with an arrow by a centaur warrior (12 damage)
             ... on level 12 of the Dungeon on May 2, 2022.
             The game lasted 00:47:53 (20930 turns).

Gabide the Thaumaturge (Mummy Necromancer)         Turns: 20930, Time: 00:47:53

Health: -3/97      AC:  8    Str: 21    XL:     12   Next: 1%
Magic:  19/28      EV: 15    Int: 18    God:    Gozag
Gold:   669        SH:  0    Dex: 12    Spells: 7/35 levels left

rFire   x . .      SeeInvis .   h - +5 whip (elec)
rCold   + . .      Faith    .   (no shield)
rNeg    + + +      Spirit   .   a - +0 robe
rPois   ∞          Reflect  .   b - +1 helmet
rElec   .          Harm     .   n - +0 cloak
rCorr   .          Rampage  .   l - +0 pair of gloves of Gehenna {Str+2}
Will    +....                   s - +1 pair of boots
Stlth   ++........              (no amulet)
HPRegen 0.26/turn               c - +6 ring of strength
MPRegen 0.21/turn               (no ring)

@: gold aura
A: cold resistance 1, negative energy resistance 3, torment resistance 2, heat
vulnerability 1, no potions
a: Renounce Religion, Potion Petition, Call Merchant, Bribe Branch


You were on level 12 of the Dungeon.
You worshipped Gozag.
Gozag was pleased with you.
You visited 1 branch of the dungeon, and saw 12 of its levels.
You also visited: Sewer.

You collected 2294 gold pieces.
You spent 653 gold pieces at shops.
You paid 972 gold pieces to Gozag.

Inventory:

Hand Weapons
 h - a +5 whip of electrocution (weapon)
Armour
 a - a +0 robe (worn)
 b - a +1 helmet (worn)
 l - the +0 pair of gloves of Gehenna (worn) {Str+2}
   (You bought it in a shop on level 1 of the Dungeon)

   Str:       It affects your strength (+2).
 n - a +0 cloak (worn)
 q - the +0 cloak of the Grey Skies {rN+ Will- Stlth+}
   (You bought it in a shop on level 11 of the Dungeon)

   rN:        It protects you from negative energy.
   Will:      It decreases your willpower.
   Stlth:     It makes you more stealthy.
 s - a +1 pair of boots (worn)
Jewellery
 c - a +6 ring of strength (left hand)
Wands
 e - a wand of iceblast (11)
 m - a wand of acid (2)
 o - a wand of digging (9)
 w - a wand of flame (14)
 x - a wand of paralysis (1)
Scrolls
 d - 2 scrolls of amnesia
 f - 4 scrolls of vulnerability
 g - 5 scrolls of magic mapping
 i - 2 scrolls of teleportation
 j - a scroll of immolation {unknown}
 k - a scroll of identify
 p - a scroll of brand weapon
 r - 2 scrolls of torment
 t - a scroll of fog
 v - a scroll of fear {unknown}
Miscellaneous
 u - a condenser vane (inert)


   Skills:
 * Level 9.9 Fighting
 * Level 8.5 Dodging
 - Level 1.5 Stealth
 * Level 12.0 Spellcasting
 * Level 10.7 Necromancy


You had 7 spell levels left.
You knew the following spells:

 Your Spells              Type           Power      Damage    Failure   Level
a - Pain                  Necr           100%       1d9       1%          1
b - Vampiric Draining     Necr           49%        2d9       1%          3
c - Animate Dead          Necr           24%        N/A       1%          4
d - Agony                 Necr           49%        N/A       2%          5
e - Dispel Undead         Necr           49%        3d18      1%          4
f - Corpse Rot            Necr/Air       60%        N/A       1%          2
g - Passwall              Tmut/Erth      8%         N/A       10%         2
h - Slow                  Hex            40%        N/A       6%          1
i - Death Channel         Necr           24%        N/A       12%         6

Your spell library contained the following spells:

 Spells                   Type           Power      Damage    Failure   Level
 Animate Skeleton         Necr           98%        N/A       1%          1
 Ensorcelled Hibernation  Hex/Ice        20%        N/A       10%         2
 Static Discharge         Conj/Air       10%        N/A       10%         2
 Confusing Touch          Hex            10%        N/A       19%         3
 Dazzling Flash           Conj/Hex       20%        N/A       19%         3
 Gell's Gravitas          Tloc           10%        N/A       19%         3
 Lesser Beckoning         Tloc           10%        N/A       19%         3
 Summon Guardian Golem    Hex/Summ       10%        N/A       19%         3
 Swiftness                Air            10%        N/A       19%         3
 Teleport Other           Tloc           10%        N/A       19%         3
 Sticky Flame             Conj/Fire      10%        2d3       54%         4
 Silence                  Hex/Air        5%         N/A       87%         5
 Orb of Destruction       Conj           5%         9d5       100%        7
 Spellforged Servitor     Conj/Summ      5%         N/A       100%        7


Dungeon Overview and Level Annotations

Branches:
Dungeon (12/15)            Temple (0/1) D:4            Lair (0/6) D:11
  Sewer (visited)
    Orc: D:9-12

Altars:
Ashenzari
Elyvilon
Gozag
Kikubaaqudgha
Okawaru
Qazlal
Uskayaw
The Shining One

Shops:
D:1 [   D:6 **   D:8 *   D:11 [

Annotations:
D:5 exclusion: hornet
D:6 2 transporters


Innate Abilities, Weirdness & Mutations

You are immune to poison.
Your flesh is cold resistant. (rC+)
You are immune to negative energy. (rN+++)
You are immune to unholy pain and torment.
You are vulnerable to heat. (rF-)
You do not drink.


Message History

The orc warrior hits you with a +0 dire flail.
You draw life force from the orc warrior!!
You kill the orc warrior!
You feel life coursing into your body!
You can't see any susceptible monsters within range! (Use Z to cast anyway.)
You can't see any susceptible monsters within range! (Use Z to cast anyway.)
You now have 669 gold pieces (gained 6).
Things that are here:
a +0 dire flail; a +0 plate armour
There is a stone staircase leading down here.
You start resting.
Magic restored.
You climb downwards.
The warg pauses to sniff the ground.
The vampire hits you but does no damage.
The vampire bites you.
There is a stone staircase leading up here.
Casting: Vampiric Draining (safe; 1% risk of failure)
Confirm with . or Enter, or press ? or * to list all spells.
Aiming: Dispel Undead (mildly dangerous; 1% risk of failure)
Press: ? - help, Shift-Dir - straight line, f - vampire
Aim: a vampire (100% to hit)
The vampire is dispelled!!
The centaur warrior shoots an arrow.
The arrow hits you! The vampire hits you! The vampire completely misses you.
The centaur warrior shoots an arrow.
The arrow hits you!
Casting: Dispel Undead (mildly dangerous; 1% risk of failure)
Confirm with . or Enter, or press ? or * to list all spells.
Aiming: Dispel Undead (mildly dangerous; 1% risk of failure)
Press: ? - help, Shift-Dir - straight line, f/p - vampire
Aim: a vampire (severely damaged, 100% to hit)
The vampire is dispelled!!
You destroy the vampire!
The centaur warrior shoots an arrow.
The arrow hits you!!
You have reached level 12!
The centaur warrior shoots an arrow.
The arrow hits you!!
* * * LOW HITPOINT WARNING * * *
The warg closely misses you.
The centaur warrior shoots an arrow.
The arrow hits you!
You die...
Your body crumbles into a pile of gold.

###########
#........@#
#$....c.h.#
#......?..#
#.........#
#.........#
+.......(.#
.............+
.............#
.....##+######


You could see a centaur warrior and a warg.

Vanquished Creatures
  Erolcha (D:10)
  2 hydras
  Harold (D:7)
  4 two-headed ogres
  A sea snake (shapeshifter) (D:9)
  A cyclops (D:10)
  A gargoyle (D:8)
  Joseph (D:7)
  An unseen horror (D:10)
  Psyche (D:8)
  3 trolls
  A meliai zombie (D:10)
  A wyvern (D:7)
  2 wraiths
  A vampire (D:12)
  10 yaks (D:10)
  A steam dragon (D:7)
  3 vampire mosquitoes (D:11)
  2 acid dragons
  3 wargs (D:11)
  3 water moccasins
  4 orc warriors
  2 sky beasts
  3 black bears
  A hornet zombie (D:8)
  2 necrophages
  An ogre (D:7)
  4 centaurs
  2 phantoms
  4 kobold brigands
  4 bullfrogs
  2 gnoll sergeants
  A scorpion (D:4)
  A water moccasin skeleton (D:5)
  9 killer bees
  4 wights (D:10)
  3 howler monkeys
  A vampire bat (D:4)
  An electric eel (D:9)
  A centaur zombie (D:4)
  4 hounds
  3 jellies
  Crazy Yiuf (D:6)
  10 orc priests
  A centaur skeleton (D:7)
  2 gnoll shamans
  2 iguanas
  6 orc wizards
  A killer bee zombie (D:6)
  2 howler monkey zombies
  12 adders
  26 gnolls
  A shadow imp (D:5)
  An ufetubus (D:7)
  An adder skeleton (D:4)
  4 worms
  12 orcs
  12 ball pythons
  3 bat skeletons (D:4)
  4 bat zombies (D:4)
  6 endoplasms
  6 giant cockroaches
  7 goblins
  10 hobgoblins
  8 jackals
  4 quokkas
  6 bats
  4 frilled lizards
  22 kobolds
  8 rats
283 creatures vanquished.

Vanquished Creatures (others)
  2 plants (D:1)
2 creatures vanquished.

Grand Total: 285 creatures vanquished

Notes
Turn   | Place    | Note
-------+----------+-------------------------------------------
     0 | D:1      | Gabide the Mummy Necromancer began the quest for the Orb.
     0 | D:1      | Reached XP level 1. HP: 13/13 MP: 4/4
   286 | D:1      | Reached XP level 2. HP: 20/20 MP: 1/5
   360 | D:1      | Reached skill level 3 in Spellcasting
   851 | D:1      | Reached skill level 1 in Fighting
  1093 | D:1      | Found Feyq's Antique Armour Boutique.
  1391 | D:2      | Reached XP level 3. HP: 25/26 MP: 0/7
  1837 | D:2      | Learned a level 3 spell: Vampiric Draining
  1915 | D:2      | Reached XP level 4. HP: 10/32 MP: 0/9
  2838 | D:3      | Found a glowing drain.
  2935 | Sewer    | Entered a sewer
  3184 | Sewer    | Noticed a kobold brigand
  3191 | Sewer    | Killed a kobold brigand
  3192 | Sewer    | Reached skill level 4 in Spellcasting
  3192 | Sewer    | Reached XP level 5. HP: 38/38 MP: 2/11
  3620 | D:3      | Learned a level 4 spell: Animate Dead
  4147 | D:4      | Found an opulent altar of Gozag.
  4172 | D:4      | Reached skill level 5 in Necromancy
  4353 | D:4      | Became a worshipper of Gozag Ym Sagoz the Greedy
  4395 | D:4      | Reached XP level 6. HP: 40/46 MP: 12/12
  4739 | D:4      | Found a staircase to the Ecumenical Temple.
  4952 | D:4      | Found an ancient bone altar of Kikubaaqudgha.
  4983 | D:4      | Reached skill level 5 in Spellcasting
  5189 | D:4      | Reached XP level 7. HP: 52/52 MP: 9/14
  5195 | D:4      | Learned a level 5 spell: Agony
  5589 | D:5      | Entered Level 5 of the Dungeon
  6129 | D:1      | Bought a pair of bloodstained gloves for 304 gold pieces
  6129 | D:1      | Identified the +0 pair of gloves of Gehenna {Str+2} (You
                  | bought it in a shop on level 1 of the Dungeon)
  7023 | D:5      | Learned a level 4 spell: Dispel Undead
  7104 | D:5      | Noticed a hornet
  7533 | D:6      | Reached skill level 6 in Spellcasting
  7533 | D:6      | Reached XP level 8. HP: 43/61 MP: 9/17
  7841 | D:6      | Reached skill level 5 in Fighting
  8060 | D:6      | Found Fyxziuwn's Specific Store.
  8064 | D:6      | Found Elaiduh's General Store.
  8108 | D:6      | Found a transporter.
  8118 | D:6      | Noticed a kobold demonologist
  8120 | D:6      | Noticed a kobold demonologist
  8245 | D:6      | Found a runed translucent door.
  8246 | D:6      | Noticed Crazy Yiuf
  8282 | D:6      | Found a transporter.
  8471 | D:6      | Killed Crazy Yiuf
  8599 | D:7      | Noticed Harold
  8604 | D:7      | Noticed a two-headed ogre
  8878 | D:7      | Reached skill level 7 in Spellcasting
  9063 | D:7      | Reached skill level 5 in Dodging
  9241 | D:7      | Killed Harold
  9242 | D:7      | Reached XP level 9. HP: 46/69 MP: 4/20
  9268 | D:7      | Reached skill level 8 in Spellcasting
  9649 | D:7      | Found a broken altar of Ashenzari.
  9703 | D:7      | Found an iron altar of Okawaru.
  9707 | D:7      | Learned a level 2 spell: Corpse Rot
  9709 | D:7      | Noticed Joseph
  9956 | D:8      | Noticed a gargoyle
 10639 | D:8      | Killed a gargoyle
 11100 | D:8      | Reached skill level 9 in Spellcasting
 11516 | D:8      | Found Namp's General Store.
 11521 | D:8      | Noticed Psyche
 11526 | D:8      | Killed Psyche
 11527 | D:8      | Reached XP level 10. HP: 71/79 MP: 11/23
 11529 | D:8      | Bought a scroll of blinking for 112 gold pieces
 13144 | D:7      | Killed a two-headed ogre
 13146 | D:7      | HP: 3/80 [Joseph/+0 quarterstaff (18)]
 13151 | D:7      | Killed Joseph
 13680 | D:9      | Noticed a five-headed hydra
 14062 | D:9      | Reached skill level 10 in Spellcasting
 14550 | D:9      | Found a hide-covered altar of Uskayaw.
 15016 | D:9      | Noticed a goliath frog
 15026 | D:9      | Killed a five-headed hydra
 15563 | D:10     | Entered Level 10 of the Dungeon
 15634 | D:10     | Noticed a cyclops
 15643 | D:10     | Killed a cyclops
 15712 | D:10     | Reached XP level 11. HP: 48/87 MP: 1/25
 15919 | D:10     | Learned a level 2 spell: Passwall
 15921 | D:10     | Learned a level 1 spell: Slow
 15942 | D:10     | Noticed a two-headed ogre
 15948 | D:10     | Killed a two-headed ogre
 16049 | D:10     | Noticed Erolcha
 16056 | D:10     | Killed Erolcha
 16195 | D:10     | Reached skill level 11 in Spellcasting
 16753 | D:9      | Noticed an anaconda
 17054 | D:10     | Reached skill level 10 in Necromancy
 17210 | D:9      | Noticed a sea snake
 17217 | D:9      | Killed a sea snake
 17813 | D:11     | Noticed a two-headed ogre
 17828 | D:10     | Killed a two-headed ogre
 18841 | D:11     | Learned a level 6 spell: Death Channel
 19058 | D:11     | Found a staircase to the Lair.
 19081 | D:11     | Found a stormy altar of Qazlal.
 20276 | D:11     | Noticed a two-headed ogre
 20285 | D:11     | Killed a two-headed ogre
 20607 | D:11     | Noticed a four-headed hydra
 20618 | D:11     | Killed a four-headed hydra
 20619 | D:11     | Reached skill level 12 in Spellcasting
 20874 | D:11     | Bought a scorched cloak for 237 gold pieces
 20874 | D:11     | Identified the +0 cloak of the Grey Skies {rN+ Will-
                  | Stlth+} (You bought it in a shop on level 11 of the
                  | Dungeon)
 20888 | D:12     | Noticed a centaur warrior
 20930 | D:12     | Reached XP level 12. HP: 32/97 MP: 19/28
 20930 | D:12     | Shot with an arrow by a centaur warrior

Illustrated notes

Levels and vault maps discovered:
D:1:      lightli_arrival_maybe_door_vault, layout_loops_corners, serial_shops,
          nicolae_shop_hallway_stairs, nicolae_concentric_dashed_squares_mild,
          serial_bayou_pond_c
D:2:      layout_loops_cross, minmay_fountain_box, minmay_misc_feat_enclosed,
          grunt_decor_one_mirror, kennysheep_flooded_box, minmay_misc_feat_iff,
          minmay_misc_feat_alley
D:3:      layout_basic, cheibrodos_sewer_entry_drain, minmay_distorted
D:4:      layout_basic, nicolae_gozag_seed_capital, kennysheep_vampire_church,
          minmay_temple_entry_stoned_glass
D:5:      layout_basic, eino_tiny_chamber
D:6:      gammafunk_wand_slinger, layout_cave_pools, dk_noncrumbling_4,
          kennysheep_pointless_box, nicolae_specific_store,
          uniq_crazy_yiuf_cottage
D:7:      layout_loops_ring, mainiacjoe_overflow_big_doors,
          hangedman_feature_mirror, uniq_harold, uniq_joseph
D:8:      layout_gridville, serial_shops, nicolae_diamond_shop, uniq_psyche
D:9:      layout_basic, mainiacjoe_overflow_chevrons, enter_bailey_4,
          hangedman_decor_growths
D:10:     layout_rooms, minmay_misc_feat_rows, uniq_erolcha
D:11:     layout_irregular_city, erik_lair_orcish_takeover, serial_column_ruins,
          column_ruins_hut, column_ruins_columns_dead_end,
          column_ruins_columns_straight, column_ruins_open_tiny,
          column_ruins_corridor_straight, column_ruins_grid_4,
          nicolae_qazlal_style_of_elements
D:12:     layout_roguey, david_orc_3, hellmonk_ghost_happy_afterlife,
          okawaru_trees_2

Skill      XL: |  1  2  3  4  5  6  7  8  9 10 11 |
---------------+----------------------------------+-----
Spellcasting   | 3 4 5 6 7 9 10 12 | 12.0
Fighting       | 1 2 3 4 6 7 8 9 |  9.9
Dodging        | 2 3 4 5 6 7 8 |  8.5
Necromancy     | 5 6 7 8 9 10 | 10.7
Stealth        | |  1.5

Action                   |  1- 3 |  4- 6 |  7- 9 | 10-12 || total
-------------------------+-------+-------+-------+-------++-------
Melee: Unarmed           |    22 |       |       |       ||    22
       Punch             |     1 |     3 |     2 |     3 ||     9
       Whip              |       |    59 |    66 |    76 ||   201
 Cast: Pain              |    81 |   126 |   146 |    30 ||   383
       Vampiric Draining |       |       |    54 |   210 ||   264
       Dispel Undead     |       |       |     6 |    17 ||    23
       Agony             |       |       |     2 |    12 ||    14
       Death Channel     |       |       |       |     2 ||     2
Invok: Potion Petition   |       |       |       |     1 ||     1
       Call Merchant     |       |       |       |     1 ||     1
Evoke: Wand              |       |       |     7 |    12 ||    19
       Condenser vane    |       |       |       |     1 ||     1
  Use: Scroll            |       |       |    11 |     7 ||    18
Armor: Robe              |    15 |    48 |    56 |   113 ||   232
Dodge: Dodged            |    29 |    75 |   147 |   311 ||   562
